 Dungeon Crawl Stone Soup version 0.26-a0-831-g7192265339 (webtiles) character file.

Game seed: 10568958933796474618

207 jasper the Shooter (level 5, 0/48 HPs)
             Began as a Palentonga Wanderer on Nov 16, 2020.
             Blown up by Ijyb (18 damage)
             ... with a disintegration bolt
             ... on level 3 of the Dungeon.
             The game lasted 00:02:33 (2374 turns).

jasper the Shooter (Palentonga Wanderer)            Turns: 2374, Time: 00:02:33

Health: 0/48       AC:  8    Str: 16    XL:     5   Next: 54%
Magic:  5/5        EV:  7    Int: 13    God:
Gold:   149        SH:  0    Dex:  9    Spells: 4/4 levels left

rFire    . . .     SeeInvis +   a - +0 shortbow
rCold    . . .     Faith    .   (shield currently unavailable)
rNeg     . . .     Spirit   .   b - +2 scale mail
rPois    .         Reflect  .   (helmet restricted)
rElec    .         Harm     .   (no cloak)
rCorr    .         Rampage  .   (no gloves)
MR       .....     Clarity  +   (no barding)
Stlth    ..........             (no amulet)
HPRegen  0.16/turn              (no ring)
MPRegen  0.09/turn              (no ring)

@: hasted, very quick
A: large, horns 1, rugged brown scales 3, see invisible, clarity, deformed body,
roll 1, armoured tail
a: Rolling Charge


You were on level 3 of the Dungeon.
You visited 1 branch of the dungeon, and saw 3 of its levels.

You collected 149 gold pieces.

Inventory:

Hand Weapons
 a - a +0 shortbow (weapon)
 d - a +0 mace
Missiles
 c - 48 arrows (quivered)
Armour
 b - a +2 scale mail (worn)
Jewellery
 l - an uncursed ring of resist corrosion {unknown}
Scrolls
 e - 2 scrolls of magic mapping {unknown}
 g - 3 scrolls of identify {unknown}
 h - a scroll of amnesia {unknown}
 j - a scroll of teleportation {unknown}
 k - 6 scrolls of blinking {unknown}
 o - 2 scrolls of remove curse {unknown}


   Skills:
 - Level 3.0 Fighting
 - Level 2.0 Maces & Flails
 + Level 4.4 Bows
 - Level 1.0 Throwing
 - Level 2.4 Armour
   Level 1.0 Evocations


You had 4 spell levels left.
You didn't know any spells.
Your spell library was empty.

Dungeon Overview and Level Annotations

Branches:
Dungeon (3/15)

Altars:
Ashenzari
Kikubaaqudgha
Trog

Annotations:
D:3 Ijyb


Innate Abilities, Weirdness & Mutations

You are completely covered in rugged brown scales. (AC +3, +7% HP)
You have supernaturally acute eyesight. (SInv)
Armour fits poorly on your strangely shaped body.
You can roll at nearby foes to attack.
You have a long armoured tail.
You have a pair of small horns on your head.
You possess an exceptional clarity of mind.


Message History

Firing (i - inventory)
c - 51 arrows (quivered)
Press: ? - help, Shift-Dir - straight line, f/p - Ijyb
Aim: Ijyb, wielding a +0 dagger, wearing a +0 ring mail, quivering 5 boomerangs and carrying a wand of disintegration (2) (lightly wounded)
You shoot an arrow. The arrow hits Ijyb.
Ijyb is moderately wounded.
Firing (i - inventory)
c - 50 arrows (quivered)
Press: ? - help, Shift-Dir - straight line, f/p - Ijyb
Aim: Ijyb, wielding a +0 dagger, wearing a +0 ring mail, quivering 5 boomerangs and carrying a wand of disintegration (2) (moderately wounded)
You shoot an arrow. The arrow hits Ijyb.
Ijyb is moderately wounded.
The goblin throws a stone.
The stone barely misses you. Ijyb hits you but does no damage.
Firing (i - inventory)
c - 49 arrows (quivered)
Press: ? - help, Shift-Dir - straight line, f/p - Ijyb
Aim: Ijyb, wielding a +0 dagger, wearing a +0 ring mail, quivering 5 boomerangs and carrying a wand of disintegration (2) (moderately wounded)
You shoot an arrow. The arrow hits Ijyb.
Ijyb is heavily wounded.
The goblin throws a stone.
The stone hits you.
Ijyb zaps a wand.
You are blasted!
You die...

###.....#### #. (#
.)...8..#$... . . #
###.....#....# .#( .#.#
..##...## #..##(##.....
...##.## #..(((......
....#รท#### #..#
|...#))((# ##(#
....#.##.## #g#
.[.##.##..## #@#
..##...##..## #.#
###.....#.>.## #.#
.....8..#....###.########
###.....#................
##...##....###.....###
######...#####g...#
#................#
######.######....#


You could see Ijyb and a goblin.

Vanquished Creatures
  A centaur (D:2)
  A worker ant (D:3)
  A gnoll (D:3)
  2 adders
  An ufetubus (D:3)
  2 worms
  2 leopard geckos
  4 orcs (D:3)
  8 bats
  4 giant cockroaches
  5 goblins
  6 hobgoblins
  4 jackals (D:1)
  6 kobolds
  2 quokkas (D:3)
  2 ball pythons (D:3)
  3 frilled lizards
  6 rats
60 creatures vanquished.

Notes
Turn   | Place    | Note
-------+----------+-------------------------------------------
     0 | D:1      | jasper the Palentonga Wanderer began the quest for the Orb.
     0 | D:1      | jasper set off with the following items: a +0 shortbow, a
                  | +2 scale mail, 28 arrows, a +0 mace
     0 | D:1      | Reached XP level 1. HP: 20/20 MP: 1/1
    55 | D:1      | Reached skill level 1 in Bows
   461 | D:1      | Reached XP level 2. HP: 27/27 MP: 2/2
   854 | D:2      | Noticed a centaur
   867 | D:2      | Killed a centaur
   868 | D:2      | Reached skill level 3 in Bows
   868 | D:2      | Reached XP level 3. HP: 28/33 MP: 3/3
   868 | D:2      | Reached XP level 4. HP: 34/40 MP: 4/4
  1087 | D:2      | Found a bloodstained altar of Trog.
  1245 | D:2      | Found an ancient bone altar of Kikubaaqudgha.
  1665 | D:3      | Found a broken altar of Ashenzari.
  1684 | D:3      | Reached skill level 4 in Bows
  1684 | D:3      | Reached XP level 5. HP: 45/48 MP: 5/5
  2346 | D:3      | Noticed Ijyb
  2361 | D:3      | Gained mutation: You have a pair of small horns on your
                  | head. [potion of mutation]
  2361 | D:3      | Gained mutation: You possess an exceptional clarity of
                  | mind. [potion of mutation]
  2374 | D:3      | Blown up by Ijyb

Illustrated notes

Levels and vault maps discovered:
D:1:      dpeg_arrival_court, layout_loops_ring
D:2:      layout_loops_cross, lemuel_doored_altar, overflow_temple_1_default,
          kennysheep_generic_room_9
D:3:      minmay_octagon_keep, layout_loops_ring, overflow_temple_1_default,
          minmay_misc_feat_columns, minmay_ruptured, uniq_ijyb

Skill      XL: |  1  2  3  4 |
---------------+-------------+-----
Bows           | 1 3 4 |  4.4
Fighting       | |  3.0
Maces & Flails | |  2.0
Throwing       | |  1.0
Armour         | |  2.4
Evocations     | |  1.0

Action                   |  1- 3 |  4- 6 || total
-------------------------+-------+-------++-------
 Fire: Shortbow          |    42 |   193 ||   235
  Use: Potion            |       |     4 ||     4
Armor: Scale mail        |    25 |    75 ||   100
Dodge: Dodged            |     7 |    46 ||    53

Table legend: (Time is in decaauts)
 A = Elapsed time spent in this place.
 B = Non-inter-level travel time spent in this place.
 C = Inter-level travel time spent in this place.
 D = Time resting spent in this place.
 E = Time spent auto-exploring this place.
 F = Levels seen in this place.
 G = Mean time per level.
                   A        B        C        D        E       F      G
               +--------+--------+--------+--------+--------+-----+--------+
         Total |   2400 |   2340 |     60 |      2 |   1945 |   3 |  800.0 |
       Dungeon |   2400 |   2340 |     60 |      2 |   1945 |   3 |  800.0 |
               +--------+--------+--------+--------+--------+-----+--------+

Top non-repeatable levels by time:
     D:3: 857 daAuts
     D:2: 773 daAuts
     D:1: 769 daAuts
